 Dungeon Crawl Stone Soup version 0.26.1-10-gdfb7c7de75 (webtiles) character file.

Game seed: 7085334119181650782

2411 nightchill the Basher (level 9, -7/74 HPs)
             Began as a Formicid Fighter on Apr 2, 2021.
             Was a Priest of Zin.
             Shot with an arrow by a centaur (9 damage)
             ... on level 7 of the Dungeon on Apr 5, 2021.
             The game lasted 00:15:45 (6990 turns).

nightchill the Basher (Formicid Fighter)            Turns: 6990, Time: 00:15:47

Health: -7/74      AC:  9    Str: 26    XL:     9   Next: 75%
Magic:  13/13      EV:  8    Int: 10    God:    Zin [***...]
Gold:   338        SH: 10    Dex: 12    Spells: 8/8 levels left

rFire    . . .     SeeInvis +   r - +3 flail (holy)
rCold    + . .     Faith    .   y - +0 kite shield (curse)
rNeg     . . .     Spirit   .   B - +1 ring mail {rC+}
rPois    ∞         Reflect  .   (helmet unavailable)
rElec    .         Harm     .   J - +0 cloak
rCorr    .         Rampage  .   (no gloves)
Will     .....                  G - +0 pair of boots
Stlth    +.........             (no amulet)
HPRegen  0.22/turn              (no ring)
MPRegen  0.13/turn              (no ring)

@: vitalised, marked
A: permanent stasis, dig shafts and tunnels, four strong arms, antennae 3
a: Dig, Shaft Self, Renounce Religion, Recite, Vitalisation, Imprison, Donate
Gold


You were on level 7 of the Dungeon.
You worshipped Zin.
Zin was most pleased with you.
You visited 2 branches of the dungeon, and saw 8 of its levels.

You collected 375 gold pieces.
You donated 37 gold pieces to Zin.

Inventory:

Hand Weapons
 a - a +0 flail
 b - the +5 hand axe "Fyqyl" {vorpal, Dex+3, unknown}
   (You found it on level 6 of the Dungeon)

   It inflicts extra damage upon your enemies.
   It affects your dexterity (+3).
 r - a +3 flail of holy wrath (weapon)
Armour
 c - a +1 kite shield
 w - a +0 plate armour
 y - a cursed +0 kite shield (worn)
 B - a +1 ring mail of cold resistance (worn)
 G - a +0 pair of boots (worn)
 J - a +0 cloak (worn)
Jewellery
 s - an uncursed ring of ice
 H - an uncursed ring of fire
Scrolls
 f - 2 scrolls of magic mapping {unknown}
 g - 2 scrolls of blinking {unknown}
 h - a scroll of fog {unknown}
 i - a scroll of fear {unknown}
 j - 2 scrolls of remove curse {unknown}
 m - a scroll of enchant armour
 o - 3 scrolls of enchant weapon
 q - 2 scrolls of noise {unknown}
 u - a scroll of identify
 E - a scroll of amnesia {unknown}
Potions
 d - 4 potions of might
 e - a potion of degeneration {unknown}
 k - 2 potions of magic
 l - 2 potions of resistance
 n - 3 potions of attraction
 v - a potion of flight {unknown}
 F - a potion of invisibility {unknown}
 I - 2 potions of cancellation {unknown}


   Skills:
 + Level 8.0 Fighting
 * Level 9.6 Maces & Flails
 - Level 3.2 Armour
 - Level 3.6 Shields
 + Level 5.3 Invocations


You had 8 spell levels left.
You didn't know any spells.
Your spell library contained the following spells:

 Spells                   Type           Power        Failure   Level
 Corona                   Hex            0%           87%         1
 Ensorcelled Hibernation  Hex/Ice        0%           95%         2
 Confusing Touch          Hex            0%           99%         3
 Dazzling Flash           Conj/Hex       0%           99%         3
 Tukima's Dance           Hex            0%           99%         3


Dungeon Overview and Level Annotations

Branches:
Dungeon (7/15)             Temple (1/1) D:5

Altars:
Ashenzari
Cheibriados
Dithmenos
Elyvilon
Fedhas
Gozag
Hepliaklqana
Kikubaaqudgha
Makhleb
Nemelex Xobeh
Okawaru
Sif Muna
Trog
Uskayaw
Vehumet
Wu Jian
Xom
Yredelemnul
Zin
The Shining One

Shops:
D:7 :

Annotations:
D:5 exclusions: downstairs and statue
D:7 Harold


Innate Abilities, Weirdness & Mutations

You cannot be hasted, slowed, berserked, paralysed or teleported.
You can dig through walls and to a lower floor.
Your four strong arms can wield two-handed weapons with a shield.
You have a pair of large antennae on your head. (SInv)


Message History

Harold considers, "I think I'll use your bounty to get a nice plot of land..."
You see here an arrow.
You clear your throat and prepare to recite. "It is just that the legions of the damned shall be castigated..."
The centaur is dazed by your recitation.
Harold gestures at you while chanting.
The mark upon you grows brighter. "...in due time, for obedience is what Zin has declared..."
The centaur is lost in a daze. "...the law of the land, and Zin's word is law!"
You finish reciting Anathema 12:76.
The centaur shoots an arrow.
The arrow hits you!
* * * LOW HITPOINT WARNING * * *
Found 13 gold pieces.
The centaur shoots an arrow.
You block the arrow.
The centaur shoots an arrow.
You block the arrow.
Found a stone staircase leading down.
You see here 2 arrows.
The centaur shoots an arrow.
The arrow hits you!
You die...

#.#(.### { {# ###...##
#.#####....##
......((...# ###
###..###...# ...#
........######...#
#######..........#
#.#.###....c@...###...#
......<@(######(##....#
[.......$# #.(..#
.........# ###..#
.........# #.{(#
.........#######.#{#
................@#o#
.>.......# ####..#
.........# ##..@##
##.o###


You could see Harold and a centaur (dazed).

Vanquished Creatures
  A hornet (D:7)
  Menkaure (D:7)
  A water moccasin (D:6)
  An orc warrior (D:6)
  2 ice beasts
  4 ogres
  3 phantoms
  2 centaurs
  A bullfrog (D:6)
  A howler monkey (D:7)
  A bullfrog zombie (D:6)
  A centaur zombie (D:7)
  A hound (D:5)
  A jelly (D:6)
  3 bullfrog skeletons
  3 orc priests
  An iguana (D:4)
  7 orc wizards
  4 worker ants
  A mummy (D:6)
  7 gnolls
  7 adders
  2 shadow imps
  An ufetubus (D:5)
  An ooze (D:6)
  An adder skeleton (D:4)
  A worm (D:3)
  2 dart slugs
  5 leopard geckos
  25 orcs
  3 ball pythons
  6 giant cockroaches
  8 goblins
  4 hobgoblins
  2 jackals (D:5)
  4 bats
  A frilled lizard (D:4)
  3 hobgoblin zombies (D:6)
  8 kobolds
  A kobold zombie (D:6)
  A leopard gecko skeleton (D:7)
  2 quokka skeletons
  A rat (D:2)
136 creatures vanquished.

Notes
Turn   | Place    | Note
-------+----------+-------------------------------------------
     0 | D:1      | nightchill the Formicid Fighter began the quest for the
                  | Orb.
     0 | D:1      | Reached XP level 1. HP: 18/18 MP: 1/1
   163 | D:1      | Reached XP level 2. HP: 24/24 MP: 2/2
   538 | D:1      | Reached XP level 3. HP: 22/30 MP: 3/3
   633 | D:1      | Reached skill level 3 in Maces & Flails
  1184 | D:2      | Reached XP level 4. HP: 29/37 MP: 4/4
  1191 | D:2      | Reached skill level 4 in Maces & Flails
  1191 | D:2      | Reached XP level 5. HP: 29/42 MP: 5/5
  1212 | D:1      | HP: 2/42 [orc/+2 flail of holy wrath (3)]
  1812 | D:2      | Found a glowing golden altar of the Shining One.
  2271 | D:3      | Found a shadowy altar of Dithmenos.
  2314 | D:3      | Found a shimmering altar of Xom.
  2314 | D:3      | Noticed a phantom
  2340 | D:3      | Killed a phantom
  2341 | D:3      | Reached skill level 5 in Fighting
  2341 | D:3      | Reached skill level 5 in Maces & Flails
  2341 | D:3      | Reached XP level 6. HP: 33/51 MP: 6/6
  2556 | D:3      | Noticed an ice beast
  2558 | D:3      | Found a hide-covered altar of Uskayaw.
  2565 | D:3      | Killed an ice beast
  2566 | D:3      | Found an iron altar of Okawaru.
  2622 | D:3      | Reached XP level 7. HP: 55/56 MP: 7/7
  2698 | D:3      | Reached skill level 6 in Maces & Flails
  3439 | D:4      | Found a blossoming altar of Fedhas.
  4008 | D:5      | Entered Level 5 of the Dungeon
  4044 | D:5      | Reached skill level 7 in Maces & Flails
  4044 | D:5      | Reached XP level 8. HP: 64/64 MP: 8/8
  4054 | D:5      | Found a staircase to the Ecumenical Temple.
  4064 | Temple   | Entered the Ecumenical Temple
  4084 | Temple   | Became a worshipper of Zin the Law-Giver
  4084 | Temple   | Reached * piety under Zin
  4146 | D:5      | Found a burning altar of Makhleb.
  4239 | D:5      | Reached skill level 1 in Invocations
  4396 | D:5      | Found a radiant altar of Vehumet.
  4688 | D:5      | Found a shimmering blue altar of Sif Muna.
  4967 | D:6      | Got a steaming hand axe
  4977 | D:6      | Reached ** piety under Zin
  5483 | D:6      | Reached skill level 8 in Maces & Flails
  5510 | D:6      | Found a bloodstained altar of Trog.
  5781 | D:6      | Found a sparkling altar of Nemelex Xobeh.
  5781 | D:6      | Found a snail-covered altar of Cheibriados.
  5852 | D:6      | Reached XP level 9. HP: 72/72 MP: 11/11
  5855 | D:6      | Reached *** piety under Zin
  6193 | D:7      | Noticed Menkaure
  6286 | D:7      | Killed Menkaure
  6287 | D:7      | Reached skill level 9 in Maces & Flails
  6368 | D:7      | Noticed a hornet
  6453 | D:7      | HP: 2/73 [hornet (7)]
  6453 | D:7      | Zin protects you from harm!
  6458 | D:7      | Killed a hornet
  6459 | D:7      | Reached skill level 5 in Invocations
  6706 | D:7      | Found Firefer's Book Emporium.
  6927 | D:7      | Noticed Harold
  6983 | D:7      | Zin protects you from harm!
  6988 | D:7      | HP: 1/74 [centaur/arrow (12)]
  6990 | D:7      | Shot with an arrow by a centaur

Illustrated notes

Levels and vault maps discovered:
D:1:      dpeg_arrival_windows_large_door, layout_basic
D:2:      layout_loops_cross, general_overflow_altar
D:3:      layout_rooms, xom_butterflies,
          nicolae_dithmenos_through_a_glass_darkly, grunt_temple_overflow_open
D:4:      layout_cave_pools, nicolae_overflow_hidden_temple
D:5:      layout_loops_ring, lemuel_coloured_pillars_altar, lemuel_doored_altar,
          vehumet_statue, minmay_temple_entry_statues_fountains
D:6:      layout_cave_pools, kennysheep_mini,
          gammafunk_temple_overflow_elements, minmay_mini_ossuary
D:7:      minmay_chambers_of_sixes, layout_rooms, serial_shops, shop,
          uniq_menkaure, uniq_harold
Temple:   eino_wide_crystal_templ

Skill      XL: |  1  2  3  4  5  6  7  8  9 |
---------------+----------------------------+-----
Maces & Flails | 3 4 5 7 8 9 |  9.6
Fighting       | 4 5 6 7 8 |  8.0
Invocations    | 3 5 |  5.3
Armour         | |  3.2
Shields        | |  3.6

Action                   |  1- 3 |  4- 6 |  7- 9 || total
-------------------------+-------+-------+-------++-------
Melee: Flail             |    73 |    98 |   292 ||   463
Throw: Throwing net      |       |       |     1 ||     1
Invok: Recite            |       |       |    13 ||    13
       Vitalisation      |       |       |     2 ||     2
 Abil: Dig               |       |       |     4 ||     4
  Use: Scroll            |       |     5 |     4 ||     9
       Potion            |       |     1 |     4 ||     5
 Stab: Confused          |       |       |     2 ||     2
       Invisible         |       |       |     2 ||     2
       Paralysed         |       |       |     1 ||     1
Armor: Scale mail        |    42 |       |       ||    42
       Ring mail         |     3 |    20 |   101 ||   124
Dodge: Dodged            |    24 |    26 |    81 ||   131
Block: Kite shield       |    44 |    37 |   166 ||   247
